 Dungeon Crawl Stone Soup version 0.25-a0-743-g84dc20635f (webtiles) character file.

Game seed: 5428286065335050679, levelgen mode: deterministic

53 Astera the Skirmisher (level 3, 0/34 HPs)
             Began as a Naga Fighter on Apr 13, 2020.
             Was an Initiate of Ru.
             Slain by an ogre
             ... wielding a +0 giant club
              (26 damage)
             ... on level 3 of the Dungeon.
             The game lasted 00:07:28 (2176 turns).

Astera the Skirmisher (Naga Fighter)                Turns: 2176, Time: 00:07:29

Health: 0/34       AC:  4    Str: 19    XL:     3   Next: 89%
Magic:  3/3        EV:  3    Int:  8    God:    Ru [......]
Gold:   155        SH: 13    Dex: 10    Spells: 2/2 levels left

rFire    . . .     SeeInvis +   a - +0 long sword
rCold    . . .     Gourm    .   l - +0 tower shield
rNeg     . . .     Faith    .   b - +0 scale mail
rPois    +         Spirit   .   (no helmet)
rElec    .         Reflect  .   (no cloak)
rCorr    +         Harm     .   (no gloves)
MR       .....                  (no barding)
Stlth    ..........             (no amulet)
HPRegen  0.11/turn              e - ring of resist corrosion
MPRegen  0.08/turn              (no ring)

@: very slow
A: large, see invisible, deformed body, poison resistance, slowness 2, slow
metabolism 1, spit poison 1, AC +1
a: Spit Poison, Renounce Religion


You were on level 3 of the Dungeon.
You worshipped Ru.
Ru was noncommittal.
You were not hungry.

You visited 1 branch of the dungeon, and saw 3 of its levels.

You collected 155 gold pieces.

Inventory:

Hand Weapons
 a - a +0 long sword (weapon)
Armour
 b - a +0 scale mail (worn)
 c - a +0 kite shield
 l - a +0 tower shield (worn)
Jewellery
 e - a ring of resist corrosion (left hand)
Scrolls
 h - a scroll of identify {unknown}
 j - 2 scrolls of remove curse {unknown}
 m - a scroll of noise {unknown}
 q - a scroll of random uselessness {unknown}
Potions
 d - a potion of might
 g - a potion of mutation {unknown}
 i - a potion of lignification {unknown}
 k - a potion of berserk rage {unknown}
 n - 2 potions of haste {unknown}
 o - 2 potions of degeneration {unknown}
 p - a potion of curing {unknown}
Comestibles
 f - 5 rations


   Skills:
 + Level 3.5 Fighting
 + Level 2.6 Long Blades
 + Level 2.8 Armour
 + Level 2.8 Shields


You had 2 spell levels left.
You didn't know any spells.
Your spell library was empty.

Dungeon Overview and Level Annotations

Branches:
Dungeon (3/15)

Altars:
Fedhas
Ru
Sif Muna
Yredelemnul


Innate Abilities, Weirdness & Mutations

You cannot wear boots.
Your serpentine skin is tough. (AC +1)
You have supernaturally acute eyesight. (SInv)
Armour fits poorly on your strangely shaped body.
Your system is resistant to poisons. (rPois)
You cover ground very slowly.
You have a slow metabolism.
You can spit poison.


Message History

No target in view!
No target in view!
No target in view!
No target in view!
No target in view!
No target in view!
No target in view!
You see here a frilled lizard corpse.
A hobgoblin comes into view.
It is wielding a +0 quarterstaff and wearing a +0 chain mail of fire resistance.
The hobgoblin shouts!
You hear a shout!
An ogre comes into view. It is wielding a +0 giant club.
An adder skeleton comes into view.
Found a ration.
You block the hobgoblin's attack. The ogre hits you with a +0 giant club.
Found a stone staircase leading down.
You hit the ogre but do no damage. You block the adder skeleton's attack.
The hobgoblin hits you with a +0 quarterstaff.
The ogre hits you with a +0 giant club!!
Ouch! That really hurt!
You die...

#####.#..#####.#
..###.#####.#
###.#.....##.#
#...##.##.#
###........#
...........#
####.##.##.#
#.##.##.#
#.##@##.#
#..ZgO..#
#.......#
#.#...#.#
#%......#
#.#...#.#
.##.##. # .>. #


You could see an ogre, a hobgoblin and an adder skeleton.

Vanquished Creatures
  2 adders
  A leopard gecko (D:1)
  A ball python (D:2)
  5 goblins (D:2)
  3 hobgoblins (D:1)
  7 kobolds
  A quokka (D:2)
  5 bats
  6 frilled lizards
  6 rats
37 creatures vanquished.

Notes
Turn   | Place    | Note
-------+----------+-------------------------------------------
     0 | D:1      | Astera the Naga Fighter began the quest for the Orb.
     0 | D:1      | Reached XP level 1. HP: 21/21 MP: 1/1
   330 | D:1      | Reached XP level 2. HP: 24/28 MP: 2/2
  1150 | D:2      | Reached XP level 3. HP: 11/34 MP: 3/3
  1604 | D:2      | Found a sacrificial altar of Ru.
  1604 | D:2      | Found a blossoming altar of Fedhas.
  1605 | D:2      | Found a shimmering blue altar of Sif Muna.
  1612 | D:2      | Became a worshipper of Ru the Awakened
  1740 | D:2      | Found a basalt altar of Yredelemnul.
  2173 | D:3      | Noticed an ogre
  2176 | D:3      | Slain by an ogre

Levels and vault maps discovered:
D:1:      kennysheep_arrival_forest, layout_basic
D:2:      layout_basic, lemuel_crystal_altar,
          gammafunk_temple_overflow_forgotten, first_ration,
          serial_corexii_hall, chequers_hall_statues_wall_a,
          corexii_hall_statues_i, corexii_hall_statues_x,
          chequers_hall_statues_corner_a, corexii_hall_statues_i,
          corexii_hall_statues_i, minmay_hexomino_p4
D:3:      layout_loops_cross

Action                   || total
-------------------------++-------
Melee: Long sword        ||   169
 Abil: Spit Poison       ||     1
  Eat: Chunk             ||     3
Armor: Scale mail        ||    95
Dodge: Dodged            ||    23
Block: Kite shield       ||    27
       Tower shield      ||   123
       Rpst.: Long sword ||     8

Table legend:
 A = Non-vault XP
 B = Vault XP
 C = Vault XP percentage of total XP
 D = Non-vault monster count
 E = Vault monster count
 F = Vault count percentage of total count
                 A         B        C        D         E       F
            +---------+---------+-------+---------+---------+-------
      Total |      71 |       6 |   7.8 |      33 |       4 |  10.8
            +---------+---------+-------+---------+---------+-------
        D:1 |      28 |       0 |   0.0 |      19 |       0 |   0.0
        D:2 |      26 |       6 |  18.8 |       9 |       4 |  30.8
        D:3 |      17 |       0 |   0.0 |       5 |       0 |   0.0
            +---------+---------+-------+---------+---------+-------
